Map: [ESL] Ancient Cistern

Players

PattyMac

  • Race: Protoss Protoss
  • Spawn Location: 1:00

Scarlett - Winner!

  • Race: Zerg Zerg
  • Spawn Location: 7:00

Event: ESL SC2 Masters 2023 Summer (Regionals)

VOD

Have the link to the VOD?

Description

Time

  • Played on: May 3, 2023, 1:44 p.m.
  • Length: 10:33

All games in this series

Show
View Real Time Build Order
Export as new Build Order

PattyMac Protoss 

Build Orders: 1 Gate Expand, Mass Adepts, Colossus Rush 

Get SALT Encoding   

  12  0:00  Probe  
  13  0:14  Pylon  
  13  0:17  Probe (Chrono Boost)  
  14  0:26  Probe (Chrono Boost)  
  15  0:31  Probe (Chrono Boost)  
  16  0:38  Gateway  
  16  0:43  Probe  
  16  0:49  Assimilator  
  17  0:55  Probe  
  18  1:07  Probe  
  19  1:19  Probe  
  19  1:25  Nexus  
  20  1:35  Cybernetics Core  
  20  1:38  Probe  
  21  1:43  Assimilator  
  21  1:50  Probe  
  21  1:52  Pylon  
  22  2:03  Probe (Chrono Boost)  
  23  2:09  Warp Gate (Chrono Boost)  
  23  2:12  Adept  
  23  2:14  Probe (Chrono Boost)  
  26  2:19  Probe (Chrono Boost)  
  27  2:22  Gateway  
  27  2:29  Probe (Chrono Boost)  
  28  2:39  Probe (Chrono Boost)  
  28  2:40  Probe (Chrono Boost)  
  28  2:42  Stalker  
  32  2:48  Probe x2 (Chrono Boost)  
  34  2:52  Gateway  
  34  2:55  Probe  
  34  2:56  Probe  
  36  3:02  Pylon  
  36  3:07  Probe  
  36  3:09  Adept  
  39  3:14  Twilight Council  
  39  3:15  Adept  
  41  3:21  Probe  
  41  3:23  Probe  
  41  3:25  Pylon  
  43  3:33  Probe  
  44  3:35  Probe  
  44  3:38  Robotics Facility  
  45  3:45  Probe  
  46  3:50  Resonating Glaives (Chrono Boost)  
  46  3:51  Adept x2  
  46  3:54  Adept  
  46  3:55  Probe  
  53  4:05  Nexus  
  53  4:08  Pylon  
  53  4:10  Probe  
  53  4:12  Probe  
  53  4:15  Assimilator  
  55  4:18  Adept  
  55  4:22  Probe, Pylon  
  58  4:25  Assimilator  
  58  4:27  Observer  
  58  4:28  Probe  
  60  4:34  Probe, Adept  
  63  4:40  Adept  
  63  4:41  Adept  
  63  4:44  Probe  
  66  4:48  Pylon  
  66  4:53  Probe  
  66  4:55  Adept  
  69  5:01  Adept x2  
  69  5:02  Probe  
  69  5:04  Shield Battery  
  74  5:07  Robotics Bay  
  74  5:12  Forge  
  74  5:15  Probe (Chrono Boost)  
  74  5:17  Adept  
  74  5:19  Probe (Chrono Boost)  
  74  5:20  Probe (Chrono Boost)  
  79  5:25  Adept  
  79  5:26  Adept  
  79  5:27  Probe (Chrono Boost)  
  85  5:29  Probe (Chrono Boost)  
  85  5:31  Probe (Chrono Boost)  
  85  5:32  Probe (Chrono Boost)  
  87  5:35  Pylon  
  87  5:45  Probe  
  87  5:48  Probe x2  
  90  5:50  Protoss Ground Weapons Level 1, Assimilator  
  90  5:53  Assimilator  
  90  5:57  Probe, Colossus (Chrono Boost)  
  97  6:12  Probe x2  
  97  6:15  Gateway  
  97  6:20  Gateway  
  97  6:25  Pylon  
  83  6:28  Probe x2  
  83  6:30  Extended Thermal Lance  
  77  6:34  Probe  
  77  6:35  Stalker  
  77  6:36  Stalker x2  
  77  6:39  Forge  
  84  6:40  Probe, Blink  
  84  6:42  Probe  
  84  6:43  Gateway x2  
  84  6:45  Colossus (Chrono Boost)  
  86  6:52  Probe x2  
  94  6:58  Gateway  
  94  7:00  Stalker x2  
  98  7:04  Stalker  
  98  7:09  Gateway  
  98  7:14  Stalker  
  98  7:15  Stalker  
  100  7:25  Colossus (Chrono Boost)  
  100  7:29  Stalker x2  
  110  7:33  Pylon, Gateway  
  110  7:39  Stalker x2  
  110  7:43  Adept  
  110  7:44  Protoss Ground Armor Level 1 (Chrono Boost), Protoss Ground Weapons Level 2 (Chrono Boost)  
  116  7:52  Pylon  
  116  7:53  Pylon  
  116  7:57  Stalker  
  116  7:58  Stalker x2  
  122  8:00  Pylon  
  122  8:06  Warp Prism  
  122  8:10  Pylon, Sentry  
  126  8:12  Stalker  
  126  8:16  Stalker x2  
  132  8:24  Stalker x2  
  136  8:29  Pylon  
  136  8:33  Stalker x2  
  140  8:38  Templar Archives  
  140  8:41  Stalker  
  140  8:42  Pylon, Stalker  
  144  8:58  Stalker x5  
  144  9:02  Pylon  
  153  9:16  Stalker x5  
  163  9:22  Pylon  
  163  9:23  Adept x2  
  111  9:40  Stalker x4  
  111  9:41  Stalker x2  
  111  9:44  Stalker  
  101  9:48  Stalker  
  89  9:54  Colossus (Chrono Boost)  
  83  10:07  Stalker x5  
  91  10:22  Stalker x3  
  91  10:24  Pylon  
Show
View Real Time Build Order
Export as new Build Order

Scarlett Zerg - Winner!

Build Orders: Hatch First 

Get SALT Encoding   

  12  0:00  Drone  
  13  0:08  Drone  
  13  0:14  Extractor, Drone  
  15  0:21  Overlord  
  15  0:43  Hatchery  
  15  0:47  Drone  
  15  0:51  Drone  
  15  0:54  Drone  
  17  1:09  Spawning Pool  
  17  1:11  Drone  
  17  1:13  Extractor  
  17  1:17  Drone  
  17  1:20  Drone  
  18  1:30  Drone  
  19  1:40  Drone  
  20  1:51  Drone  
  21  1:56  Queen x2, Zergling x2  
  26  2:01  Overlord  
  26  2:07  Drone  
  27  2:13  Drone  
  28  2:18  Metabolic Boost  
  28  2:23  Drone  
  28  2:27  Drone x2  
  31  2:31  Queen  
  33  2:41  Hatchery  
  32  2:46  Overlord  
  32  2:50  Drone x2  
  34  2:53  Drone  
  34  2:57  Drone  
  36  3:04  Overlord  
  36  3:05  Drone x2  
  38  3:06  Drone x2  
  38  3:09  Drone  
  38  3:10  Drone  
  38  3:12  Drone  
  43  3:16  Drone  
  43  3:19  Overlord  
  44  3:24  Queen  
  46  3:28  Queen  
  48  3:36  Drone x4  
  48  3:40  Drone x3  
  55  3:43  Overlord  
  55  3:48  Zergling x4  
  56  3:53  Baneling Nest  
  56  3:55  Zergling x4  
  57  3:56  Evolution Chamber  
  57  4:00  Queen  
  57  4:01  Zergling x4  
  60  4:09  Zergling x8  
  64  4:11  Spore Crawler  
  64  4:14  Spore Crawler  
  64  4:16  Zergling x4  
  64  4:18  Zergling x2  
  64  4:23  Zergling x8  
  69  4:30  Overlord, Zerg Melee Weapons Level 1  
  68  4:39  Drone  
  68  4:40  Drone x4  
  68  4:44  Overlord x2  
  73  4:52  Overlord  
  73  4:53  Drone x5  
  75  5:00  Zergling x4  
  75  5:05  Zergling x2  
  77  5:09  Zergling x4  
  77  5:12  Extractor  
  78  5:14  Baneling x5  
  78  5:15  Baneling  
  78  5:16  Zergling x8  
  82  5:22  Zergling x6  
  82  5:24  Drone  
  82  5:25  Drone x4  
  90  5:31  Drone x2  
  92  5:39  Hatchery  
  92  5:40  Zergling x6  
  93  5:45  Drone  
  93  5:46  Drone x2  
  96  5:50  Drone x2  
  98  5:57  Zergling x12  
  98  6:02  Hatchery  
  102  6:08  Drone x2  
  99  6:14  Zergling x2  
  99  6:15  Zergling x4  
  102  6:24  Lair  
  102  6:25  Drone x8  
  102  6:28  Hatchery  
  102  6:30  Extractor x2  
  102  6:31  Zerg Missile Weapons Level 1  
  97  6:34  Roach Warren  
  97  6:39  Drone x4  
  100  6:48  Hatchery  
  100  6:49  Overlord x2  
  100  6:52  Overlord x2  
  99  6:56  Queen x2  
  99  6:59  Drone x2  
  99  7:00  Extractor  
  104  7:02  Extractor, Zergling x2  
  104  7:03  Zergling x2  
  105  7:12  Drone x5  
  110  7:19  Drone x5  
  115  7:23  Glial Reconstitution  
  115  7:25  Drone, Infestation Pit  
  115  7:30  Drone x6  
  115  7:35  Drone  
  122  7:42  Overlord x2  
  122  7:43  Drone  
  122  7:44  Drone x2  
  124  7:45  Drone x6  
  124  7:47  Roach  
  134  7:51  Roach  
  134  7:53  Roach  
  134  7:54  Roach x2  
  134  7:55  Roach  
  134  7:57  Baneling x10  
  134  7:58  Centrifugal Hooks, Baneling x8  
  142  8:02  Zergling x6  
  142  8:05  Zergling x8  
  149  8:09  Hive  
  149  8:17  Zergling x18  
  149  8:18  Ravager x2  
  149  8:19  Ravager x2  
  162  8:25  Extractor  
  161  8:27  Zergling x20  
  171  8:38  Overlord x3  
  171  8:39  Overlord  
  170  8:57  Roach x14  
  170  9:00  Baneling x7  
  198  9:06  Baneling x2  
  198  9:07  Baneling x3  
  198  9:10  Zergling x2  
  198  9:12  Baneling x3  
  194  9:24  Zergling x12  
  194  9:29  Roach x7, Zergling x2  
  189  9:34  Roach x9, Zergling x8  
  189  9:38  Roach  
  190  9:42  Roach x3  
  190  9:45  Zergling x2  
  182  9:50  Zergling x2  
  164  9:53  Zergling x6  
  164  9:55  Zergling x18  
  164  9:59  Ravager  
  173  10:01  Zergling x18  
  173  10:04  Zergling x2  
  180  10:09  Zergling x12  
  180  10:10  Baneling x9  
  180  10:12  Zergling x2  
  191  10:23  Hatchery  
Tags
 
Add a new tag
Caveats
  • Supply blocks, unpowered buildings, or Contaminate may cause inaccurate times.
  • Supply counts are checked every 10 seconds.